 Dungeon Crawl Stone Soup version 0.18.1-48-g4cf74bf (webtiles) character file.

156 negentropic the Chopper (level 5, -3/45 HPs)
             Began as a Hill Orc Fighter on June 29, 2016.
             Killed by nerve-wracking pain
             ... invoked by Jessica
              (6 damage)
             ... on level 3 of the Dungeon.
             The game lasted 00:05:13 (1787 turns).

negentropic the Chopper (Hill Orc Fighter)          Turns: 1787, Time: 00:05:14

Health: -3/45      AC:  9    Str: 20    XL:     5   Next: 38%
Magic:  5/5        EV:  7    Int:  8    God:
Gold:   118        SH:  9    Dex: 10    Spells: 0 memorised, 4 levels left

rFire  . . .     SeeInvis .     a - +0 war axe
rCold  . . .     Gourm    .     b - +0 scale mail
rNeg   . . .     Faith    .     c - +0 shield
rPois  .         Spirit   .     (no helmet)
rElec  .         Dismiss  .     (no cloak)
rCorr  .         Reflect  .     (no gloves)
SustAt .         Harm     .     e - +1 pair of boots
MR     .....                    (no amulet)
Stlth  ..........               (no ring)
                                (no ring)

@: not resistant to hostile enchantments, extremely unstealthy
A: no striking features
a: no special abilities


You were on level 3 of the Dungeon.
You were not hungry.

You visited 1 branch of the dungeon, and saw 3 of its levels.

You collected 118 gold pieces.

Inventory:

Hand Weapons
 a - a +0 war axe (weapon)
Armour
 b - a +0 scale mail (worn)
 c - a +0 shield (worn)
 e - a +1 pair of boots (worn)
Scrolls
 g - 2 scrolls of remove curse
 i - 3 scrolls of enchant weapon {unknown}
 j - a scroll of magic mapping {unknown}
 n - a scroll of recharging {unknown}
 o - a scroll of identify
 q - a scroll of amnesia {unknown}
Potions
 d - 2 potions of might
 l - 2 potions of curing
 m - 2 potions of lignification {unknown}
 p - a potion of agility {unknown}
Comestibles
 f - 4 bread rations
 h - a beef jerky
 k - a meat ration
 r - 4 chunks of flesh


   Skills:
 - Level 3.6 Fighting
 * Level 5.9 Axes
 - Level 3.2 Armour
 + Level 4.7 Shields


You had 4 spell levels left.
You didn't know any spells.

Dungeon Overview and Level Annotations

Branches:
Dungeon (3/15)

Altars:
Qazlal
Trog

Annotations:
D:3 Jessica


Message History

You block the jackal's attack. The jackal barely misses you.
Jessica mumbles some strange words.
Jessica seems to speed up.
The jackal bites you.
* * * LOW HITPOINT WARNING * * *
You block the jackal's attack. The orc hits you but does no damage.
The jackal bites you but does no damage.
The jackal barely misses you. You block the jackal's attack.
The jackal bites you but does no damage.
Jessica gestures at you while chanting. Pain shoots through your body!
* * * LOW HITPOINT WARNING * * *
The jackal bites you but does no damage.
You block the jackal's attack. Jessica misses you.
Jessica casts a spell at you. You resist with some effort.
Jessica casts a spell at you. Pain shoots through your body!
You die...

#### ....#
#####.....#
#..@......#
####
#@###.###.#
#....# #h# #
.....#
#####.###+##
.....#
#...hh.....#
.....#
#...h......#
#..=.#
#..........#
...#
#..........#
..#
#..........#


You could see Jessica.

Vanquished Creatures
  An ogre (D:3)
  An adder (D:2)
  A dart slug (D:1)
  A ball python (D:2)
  3 giant cockroaches
  3 hobgoblins
  13 jackals
  9 kobolds
  7 bats
  2 giant newts
  8 goblins
  5 rats
54 creatures vanquished.

Notes
Turn   | Place    | Note
--------------------------------------------------------------
     0 | D:1      | negentropic the Hill Orc Fighter began the quest for the Orb.
     0 | D:1      | Reached XP level 1. HP: 19/19 MP: 1/1
    46 | D:1      | Reached skill level 3 in Axes
    75 | D:1      | Reached XP level 2. HP: 22/26 MP: 2/2
   510 | D:1      | Reached skill level 4 in Axes
   510 | D:1      | Reached XP level 3. HP: 31/31 MP: 3/3
   741 | D:2      | Found a bloodstained altar of Trog.
  1071 | D:2      | Reached XP level 4. HP: 36/39 MP: 4/4
  1661 | D:3      | Found a stormy altar of Qazlal.
  1690 | D:3      | Noticed an ogre
  1706 | D:3      | Killed an ogre
  1706 | D:3      | Reached skill level 5 in Axes
  1706 | D:3      | Reached XP level 5. HP: 11/45 MP: 5/5
  1741 | D:3      | Noticed Jessica
  1778 | D:3      | HP: 1/45 [Jessica/nerve-wracking pain (8)]
  1787 | D:3      | Killed from afar by Jessica

Skill      XL: |  1  2  3  4 |
---------------+-------------+-----
Axes           | 3 4 5 |  5.9
Shields        | 4 |  4.7
Fighting       | |  3.6
Armour         | |  3.2

Action                   |  1- 3 |  4- 6 || total
-------------------------+-------+-------++-------
Melee: War axe           |   137 |    47 ||   184
       Spear             |     4 |       ||     4
  Use: Scroll            |     4 |       ||     4
  Eat: Chunk             |     1 |     2 ||     3
Armor: Scale mail        |    71 |    38 ||   109
Dodge: Dodged            |    53 |    31 ||    84
Block: Shield            |    74 |    36 ||   110
